 Dungeon Crawl Stone Soup version 0.28-b1-25-g9875b3fc8c (webtiles) character file.

Game seed: 16269361190879639866

1330 Descartes the Magician (level 8, -3/43 HPs)
             Began as a Deep Elf Wanderer on Feb 2, 2022.
             Was a Believer of Elyvilon.
             Succumbed to a water moccasin's poison
             ... on level 5 of the Dungeon.
             The game lasted 00:17:20 (8240 turns).

Descartes the Magician (Deep Elf Wanderer)          Turns: 8240, Time: 00:17:20

Health: -3/43      AC:  8    Str: 10    XL:     8   Next: 34%
Magic:  17/17      EV: 13    Int: 19    God:    Elyvilon [**....]
Gold:   321        SH:  0    Dex: 14    Spells: 9/17 levels left

rFire   + + .      SeeInvis .   q - +1 short sword (venom)
rCold   + . .      Faith    .   (no shield)
rNeg    . . .      Spirit   .   B - +3 leather armour {rF+}
rPois   +          Reflect  .   (no helmet)
rElec   +          Harm     .   z - +0 cloak
rCorr   +          Rampage  .   (no gloves)
Will    +....      Rage     1%  H - +0 pair of boots
Stlth   +.........              (no amulet)
HPRegen 0.14/turn               t - ring of willpower
MPRegen 0.15/turn               (no ring)

@: mighty, lethally poisoned (-3 -> -32), resistant
A: berserk 1
a: Renounce Religion, Purification, Heal Other


You were on level 5 of the Dungeon.
You worshipped Elyvilon.
Elyvilon was pleased with you.
You visited 1 branch of the dungeon, and saw 5 of its levels.

You collected 321 gold pieces.

Inventory:

Hand Weapons
 a - a +0 dagger
 m - a +0 arbalest
 q - a +1 short sword of venom (weapon)
 v - a +0 rapier
 y - a +3 quarterstaff of chaos
Missiles
 f - 8 boomerangs (quivered)
 g - 198 stones
 r - 7 poisoned darts
Armour
 z - a +0 cloak (worn)
 B - a +3 leather armour of fire resistance (worn)
 H - a +0 pair of boots (worn)
Jewellery
 h - a +4 ring of evasion
 t - a ring of willpower (left hand)
Wands
 x - a wand of polymorph (4)
 C - a wand of digging (3)
 E - a wand of iceblast (12)
Scrolls
 b - a scroll of silence {unknown}
 c - a scroll of vulnerability
 i - a scroll of noise {unknown}
 k - 2 scrolls of fog {unknown}
 l - 4 scrolls of identify {unknown}
 o - 3 scrolls of fear {unknown}
 p - a scroll of torment {unknown}
 w - a scroll of amnesia {unknown}
 A - a scroll of teleportation {unknown}
 D - a scroll of immolation {unknown}
 G - a scroll of enchant weapon {unknown}
Potions
 d - a potion of lignification {unknown}
 j - a potion of flight
 u - 2 potions of degeneration
 F - a potion of curing {unknown}


   Skills:
 - Level 1.5 Fighting
 - Level 5.0 Dodging
 - Level 1.2 Stealth
 - Level 5.0 Spellcasting
 + Level 4.0 Translocations
 - Level 5.0 Transmutations
 - Level 5.0 Air Magic
 - Level 5.0 Poison Magic
 - Level 1.0 Invocations


You had 9 spell levels left.
You knew the following spells:

 Your Spells              Type           Power      Damage    Failure   Level
a - Sting                 Tmut/Pois      92%        1d7       2%          1
b - Mephitic Cloud        Conj/Pois/Air  17%        N/A       13%         3
c - Teleport Other        Tloc           20%        N/A       10%         3
d - Beastly Appendage     Tmut           46%        N/A       2%          1

Your spell library contained the following spells:

 Spells                   Type           Power      Damage    Failure   Level
 Corpse Rot               Necr/Air       28%        N/A       9%          2
 Gell's Gravitas          Tloc           20%        N/A       10%         3
 Lesser Beckoning         Tloc           20%        N/A       10%         3
 Summon Small Mammal      Summ           16%        N/A       17%         1
 Ensorcelled Hibernation  Hex/Ice        8%         N/A       26%         2


Dungeon Overview and Level Annotations

Branches:
Dungeon (5/15)
 Temple: D:4-7

Altars:
Dithmenos
Elyvilon
Sif Muna
Uskayaw
Zin

Shops:
D:5 =

Annotations:
D:2 Sigmund


Innate Abilities, Weirdness & Mutations

You tend to lose your temper in combat.


Message History

The gnoll is heavily wounded.
The gnoll hits you with a +0 flail.
You hit the gnoll.
You kill the gnoll!
Your Translocations skill increases to level 4!
You see here a +0 flail.
Things that are here:
a +0 flail; a +0 spear
Things that are here:
a +0 club; a gnoll corpse
Found a shadowy altar of Dithmenos.
A water moccasin comes into view.
The water moccasin hisses angrily.
You closely miss the water moccasin. The water moccasin bites you.
You are poisoned.
The water moccasin poisons you! The water moccasin bites you.
You closely miss the water moccasin.
You feel very sick. The water moccasin barely misses you.
You closely miss the water moccasin.
You feel very sick. The water moccasin bites you!
The water moccasin bites you but does no damage.
You feel very mighty all of a sudden.
You feel sick. The water moccasin misses you.
You closely miss the water moccasin.
You feel sick. The water moccasin bites you.
You are lethally poisoned!
The water moccasin poisons you! The water moccasin bites you.
* * * LOW HITPOINT WARNING * * *
You are more poisoned.
The water moccasin poisons you!
It was a potion of mutation.
You feel extremely strange.
You feel a little pissed off.
* * * LOW HITPOINT WARNING * * *
You feel extremely sick. The water moccasin misses you.
It was a potion of resistance.
You feel protected.
You die...

#...........# #.....
#...##...#### #_## #.....
#...###################...
#..)#............... #...
####...#...............
#...
#......#..............
#... #.##...#...........#
#...
##......#...........##
#...
##.8..#..#....@S......#
#...
#....###.##...####...##
#... #.8..#.#.##.).##
....# ####
#....'_#.##.)..# ....#
#.8..#.#.......# ...##
#....###.......# .S..
#..8..#........# ....#
#.#............# ....#
#........#######


You could see a water moccasin.

Vanquished Creatures
  4 yaks
  A black bear (D:5)
  3 scorpions (D:5)
  A centaur skeleton (D:4)
  A jelly (D:5)
  Crazy Yiuf (D:3)
  4 orc priests
  An iguana (D:5)
  An orc wizard (D:3)
  2 killer bee zombies (D:5)
  4 gnolls (D:5)
  5 adders
  An ufetubus (D:5)
  An adder skeleton (D:4)
  A worm (D:3)
  A dart slug (D:2)
  10 orcs
  6 endoplasms
  3 giant cockroaches
  4 goblins
  12 hobgoblins
  7 jackals
  2 quokkas
  3 ball pythons
  2 bats
  5 frilled lizards
  12 kobolds
  6 rats
104 creatures vanquished.

Vanquished Creatures (others)
  16 plants (D:1)
16 creatures vanquished.

Grand Total: 120 creatures vanquished

Notes
Turn   | Place    | Note
-------+----------+-------------------------------------------
     0 | D:1      | Descartes the Deep Elf Wanderer began the quest for the
                  | Orb.
     0 | D:1      | Descartes set off with the following items: a +0 dagger, a
                  | +0 robe, a scroll of vulnerability; and the following
                  | spells available to memorise: Sting, Beastly Appendage,
                  | Summon Small Mammal, Corpse Rot, Ensorcelled Hibernation,
                  | Mephitic Cloud
     0 | D:1      | Reached XP level 1. HP: 12/12 MP: 7/7
     2 | D:1      | Learned a level 1 spell: Sting
   798 | D:1      | Reached XP level 2. HP: 16/16 MP: 7/9
   801 | D:1      | Reached skill level 1 in Dodging
  1126 | D:1      | Reached skill level 1 in Transmutations
  1682 | D:1      | Reached XP level 3. HP: 20/20 MP: 7/11
  2493 | D:2      | Found a faded altar of an unknown god.
  2501 | D:2      | Found a white marble altar of Elyvilon.
  2526 | D:2      | Became a worshipper of Elyvilon the Healer
  2534 | D:2      | Noticed Sigmund
  2569 | D:1      | Learned a level 3 spell: Mephitic Cloud
  3113 | D:3      | Reached skill level 5 in Spellcasting
  3436 | D:3      | Reached XP level 4. HP: 25/25 MP: 11/13
  3684 | D:3      | Found a runed translucent door.
  3685 | D:3      | Noticed Crazy Yiuf
  3756 | D:3      | Reached * piety under Elyvilon
  3822 | D:3      | Learned a level 3 spell: Teleport Other
  4342 | D:4      | Reached skill level 1 in Air Magic
  4417 | D:3      | Reached XP level 5. HP: 9/29 MP: 14/14
  5376 | D:3      | Learned a level 1 spell: Beastly Appendage
  5514 | D:3      | Killed Crazy Yiuf
  5624 | D:4      | Found a hide-covered altar of Uskayaw.
  5724 | D:4      | Was placed under penance by Elyvilon
  5848 | D:4      | Was forgiven by Elyvilon
  6227 | D:5      | Entered Level 5 of the Dungeon
  6232 | D:5      | Reached XP level 6. HP: 24/34 MP: 12/15
  6411 | D:5      | Noticed a yak
  6417 | D:5      | Noticed a yak
  6417 | D:5      | Noticed a yak
  6446 | D:4      | Killed a yak
  6796 | D:5      | Found a shimmering blue altar of Sif Muna.
  6878 | D:5      | Reached XP level 7. HP: 32/38 MP: 13/16
  7440 | D:5      | Reached ** piety under Elyvilon
  7512 | D:5      | Found Kuluupol's One-of-a-Kind Rings.
  7515 | D:5      | Noticed a yak
  7674 | D:5      | Killed a yak
  7675 | D:5      | Reached skill level 5 in Dodging
  7675 | D:5      | Reached skill level 5 in Poison Magic
  7677 | D:5      | Killed a yak
  7678 | D:5      | Reached skill level 5 in Transmutations
  7678 | D:5      | Reached XP level 8. HP: 19/43 MP: 4/17
  7727 | D:5      | Reached skill level 5 in Air Magic
  8053 | D:5      | Found a glowing silver altar of Zin.
  8225 | D:5      | Found a shadowy altar of Dithmenos.
  8239 | D:5      | Gained mutation: You tend to lose your temper in combat.
                  | [potion of mutation]
  8240 | D:5      | Succumbed to a water moccasin's poison

Illustrated notes

Levels and vault maps discovered:
D:1:      elethiomel_arrival_maze, layout_loops_ring,
          minmay_misc_feat_more_columns, serial_bayou_pond_d,
          serial_bayou_lagoon_a
D:2:      layout_basic, ebering_ecumenical_altar_ruins, basic_altar,
          uniq_sigmund
D:3:      layout_basic, uniq_crazy_yiuf_cottage
D:4:      layout_rooms, nicolae_uskayaw_murder_on_the_dancefloor,
          roderic_lattice_a, hangedman_feature_mirror
D:5:      layout_gridville, zin_statuary, nicolae_overflow_hidden_temple,
          mainiacjoe_overflow_catwalk, nicolae_shop_unique_rings,
          grunt_ministairs_15

Skill      XL: |  1  2  3  4  5  6  7  8 |
---------------+-------------------------+-----
Dodging        | 1 2 3 4 5 |  5.0
Transmutations | 1 2 3 5 |  5.0
Spellcasting   | 5 |  5.0
Poison Magic   | 3 4 5 |  5.0
Air Magic      | 1 2 3 4 5 |  5.0
Translocations | 4 |  4.0
Fighting       | |  1.5
Stealth        | |  1.2
Invocations    | |  1.0

Action                   |  1- 3 |  4- 6 |  7- 9 || total
-------------------------+-------+-------+-------++-------
Melee: Dagger            |     7 |       |       ||     7
       Short sword       |       |    59 |    77 ||   136
       Quarterstaff      |       |     2 |       ||     2
       Punch             |       |     1 |     1 ||     2
 Cast: Sting             |   114 |    68 |    25 ||   207
       Mephitic Cloud    |       |       |     9 ||     9
Invok: Purification      |       |       |     1 ||     1
       Heal Other        |       |       |     1 ||     1
  Use: Potion            |       |       |     6 ||     6
 Stab: Confused          |       |       |     4 ||     4
Armor: Robe              |     2 |       |       ||     2
       Leather armour    |     7 |    34 |    40 ||    81
Dodge: Dodged            |    30 |    54 |    64 ||   148
